 Dungeon Crawl Stone Soup version 0.30.1 (webtiles) character file.

Game seed: 11645417736385719747

828 safid the Fighter (level 7, -1/63 HPs)
             Began as a Merfolk Ice Elementalist on July 7, 2023.
             Was an Initiate of Vehumet.
             Slain by a sixfirhy (11 damage)
             ... on level 1 of the Abyss.
             The game lasted 00:10:09 (4675 turns).

safid the Fighter (Merfolk Ice Elementalist)        Turns: 4675, Time: 00:10:10

Health: -1/63      AC: 11    Str: 14    XL:     7   Next: 97%
Magic:  10/10      EV: 12    Int: 16    God:    Vehumet [......]
Gold:   104        SH:  0    Dex: 15    Spells: 1/11 levels left

rFire   + + .        n - +1 dagger (venom)
rCold   . . .        (no shield)
rNeg    . . .        a - +0 robe
rPois   .            r - +2 helmet
rElec   .            h - +1 cloak
rCorr   .            (no gloves)
SInv    .            p - +3 pair of boots of Veynoruf {rF++ Stlth+}
Will    .....        (no amulet)
Stlth   +++          f - ring of flight
HPRegen 0.30/turn    s - +6 ring of strength
MPRegen 0.12/turn

%: no passive effects
@: about to teleport, flying
A: (nimble swimmer 2), mertail
a: Renounce Religion


You were on level 1 of the Abyss.
You worshipped Vehumet.
Vehumet was noncommittal.
You visited 2 branches of the dungeon, and saw 6 of its levels.
You visited the Abyss 1 time.

You collected 104 gold pieces.

Inventory:

Hand Weapons
 n - a +1 dagger of venom (weapon)
Armour
 a - a +0 robe (worn)
 h - a +1 cloak (worn)
 p - the +3 pair of boots of Veynoruf (worn) {rF++ Stlth+}
   (You found it on level 2 of the Dungeon)

   rF:        It greatly protects you from fire.
   Stlth:     It makes you more stealthy.
 r - a +2 helmet (worn)
Jewellery
 f - a ring of flight (left hand)
 s - a +6 ring of strength (right hand)
Wands
 b - a wand of light (8)
 y - a wand of roots (9)
Scrolls
 e - 2 scrolls of identify {unknown}
 i - 2 scrolls of poison {unknown}
 j - a scroll of immolation {unknown}
 l - a scroll of enchant armour
 m - a scroll of vulnerability {unknown}
 o - a scroll of noise {unknown}
 q - a scroll of enchant weapon {unknown}
 v - a scroll of amnesia {unknown}
 x - a scroll of blinking {unknown}
 B - a scroll of brand weapon {unknown}
 C - 2 scrolls of teleportation
 D - a scroll of butterflies {unknown}
Potions
 c - 2 potions of degeneration {unknown}
 d - a potion of mutation {unknown}
 g - a potion of lignification {unknown}
 k - 2 potions of haste {unknown}
 t - a potion of attraction {unknown}
 u - a potion of invisibility {unknown}
 w - 3 potions of curing
 z - a potion of heal wounds
 A - a potion of brilliance {unknown}


   Skills:
 + Level 8.9 Fighting
 - Level 2.6 Dodging
 - Level 2.1 Stealth
 - Level 2.6 Spellcasting
 - Level 4.9 Ice Magic


You had one spell level left.
You knew the following spells:

 Your Spells              Type           Power      Damage    Failure   Level
a - Freeze                Ice            68%        1d8       2%          1
b - Frozen Ramparts       Ice            34%        1d6       8%          3
c - Ozocubu's Armour      Ice            17%        N/A       8%          3
d - Call Canine Familiar  Summ           2%         N/A       52%         3

Your spell library contained the following spells:

 Spells                   Type           Power      Damage    Failure   Level
 Portal Projectile        Hex/Tloc       4%         N/A       52%         3
 Summon Ice Beast         Ice/Summ       9%         N/A       56%         4
 Leda's Liquefaction      Hex/Erth       1%         N/A       89%         4


Dungeon Overview and Level Annotations

Branches:
Dungeon (5/15)             Temple (1/1) D:4

Altars:
Ashenzari
Cheibriados
Dithmenos
Fedhas
Gozag
Nemelex Xobeh
Okawaru
Qazlal
Sif Muna
Uskayaw
Vehumet
Wu Jian
Xom
Yredelemnul
Zin
The Shining One

Shops:
D:4 (

Annotations:
D:4 1 runed translucent door, Crazy Yiuf
D:5 Dowan, Duvessa


Innate Abilities, Weirdness & Mutations

((You are very nimble when in or above water. (Stealth+, EV+, Speed+++)))
Your lower body shifts to a powerful aquatic tail in water.


Message History

The wall freezes Dowan.
Dowan points at Duvessa and mumbles some strange words.
Duvessa seems to speed up.
You hit Duvessa but do no damage.
Duvessa is poisoned.
The frozen ramparts melt away.
Duvessa hits you with a +3 short sword of distortion.
Casting: Ozocubu's Armour (dangerous; 8% risk of failure)
Confirm with . or Enter, or press ? or * to list all spells.
Casting: Frozen Ramparts (dangerous; 8% risk of failure)
Press: ? - help, Dir - look around, f - activate The walls around you are covered in ice.
The wall freezes Duvessa but does no damage.
Duvessa says, "Where magic fails, the sword succeeds!"
Duvessa hits you but does no damage.
You are cast into the Abyss!
The frozen ramparts melt away.
This branch contains the abyssal rune of Zot.
Your icy armour cracks and falls away as you move.
Unknown command.
Press: ? - help, v - describe, . - travel An empty arch of ancient stone.
Found a corrupted altar of Lugonu.
A sixfirhy comes into view.
The sixfirhy hits you but does no damage.
The sixfirhy hits you! The sixfirhy shocks you!
As you read the scroll of teleportation, it crumbles to dust.
You feel strangely unstable.
You feel the power of the Abyss delaying your translocation!
The sixfirhy hits you. The sixfirhy shocks you!
The sixfirhy hits you but does no damage.
The sixfirhy attacks as you move away!
The sixfirhy hits you but does no damage.
The sixfirhy misses you. The sixfirhy completely misses you.
The sixfirhy barely misses you. The sixfirhy closely misses you.
The sixfirhy attacks as you move away! The sixfirhy barely misses you.
The sixfirhy hits you. The sixfirhy shocks you! The sixfirhy hits you!
* * * LOW HITPOINT WARNING * * *
The sixfirhy shocks you!
You die...

## ##. ##.##
##. #.@.# ...#.
##3## .....
#....#.####...
#..###.#.#.#...
. ###..##.#
#ยง# .
#....#.##...#
#...##.#....#
#.#
......##...# #
...##...# #


You could see a sixfirhy.

Vanquished Creatures
  Sigmund (D:4)
  A phantom (D:4)
  3 scorpions (D:5)
  A jelly (D:5)
  An orc priest (D:4)
  3 hounds
  Natasha (thrice) (D:3)
  An orc wizard (D:4)
  Robin (D:3)
  7 adders
  3 dart slugs
  4 orcs (D:4)
  8 endoplasms
  A giant cockroach (D:2)
  16 goblins
  12 hobgoblins
  15 jackals
  4 kobolds
  2 ball pythons
  2 bats (D:3)
  5 frilled lizards
  4 rats
98 creatures vanquished.

Notes
Turn   | Place    | Note
-------+----------+-------------------------------------------
     0 | D:1      | safid the Merfolk Ice Elementalist began the quest for the
                  | Orb.
     0 | D:1      | Reached XP level 1. HP: 13/13 MP: 3/3
   208 | D:1      | Reached XP level 2. HP: 8/20 MP: 1/5
   307 | D:1      | Reached skill level 1 in Fighting
   933 | D:2      | Reached XP level 3. HP: 26/26 MP: 3/6
  1169 | D:2      | Learned a level 3 spell: Frozen Ramparts
  1609 | D:2      | Identified the +3 pair of boots of Veynoruf {rF++ Stlth+}
  1614 | D:2      | Reached skill level 2 in Fighting
  1945 | D:3      | Noticed Natasha
  1957 | D:3      | Killed Natasha
  1958 | D:3      | Reached XP level 4. HP: 24/34 MP: 0/7
  2069 | D:3      | Reached skill level 3 in Fighting
  2291 | D:3      | Noticed Robin
  2291 | D:3      | Noticed Natasha
  2308 | D:3      | Killed Natasha
  2309 | D:3      | Reached skill level 4 in Fighting
  2309 | D:3      | Reached XP level 5. HP: 41/42 MP: 2/8
  2314 | D:3      | Noticed Natasha
  2315 | D:3      | Killed Robin
  2329 | D:3      | Killed Natasha
  2859 | D:4      | Noticed Sigmund
  2868 | D:4      | Noticed a phantom
  2871 | D:4      | Reached skill level 5 in Fighting
  3049 | D:4      | Killed Sigmund
  3050 | D:4      | Reached skill level 6 in Fighting
  3050 | D:4      | Reached XP level 6. HP: 46/53 MP: 1/9
  3187 | D:4      | Found Xocva's Antique Weapon Shoppe.
  3251 | D:4      | Reached skill level 7 in Fighting
  3251 | D:4      | Reached XP level 7. HP: 57/60 MP: 10/10
  3277 | D:4      | Found a runed translucent door.
  3278 | D:4      | Noticed Crazy Yiuf
  3306 | D:4      | Found a glowing silver altar of Zin.
  3349 | D:4      | Learned a level 3 spell: Ozocubu's Armour
  3353 | D:4      | Learned a level 3 spell: Call Canine Familiar
  3578 | D:4      | Found a staircase to the Ecumenical Temple.
  3744 | Temple   | Entered the Ecumenical Temple
  3906 | Temple   | Became a worshipper of Vehumet
  4114 | D:5      | Entered Level 5 of the Dungeon
  4313 | D:5      | Reached skill level 8 in Fighting
  4581 | D:5      | Noticed Dowan
  4582 | D:5      | Noticed Duvessa
  4595 | Abyss:1  | Cast into level 1 of the Abyss (Duvessa)
  4617 | Abyss:1  | Found a corrupted altar of Lugonu.
  4617 | Abyss:1  | Found a corrupted altar of Lugonu.
  4617 | Abyss:1  | Found a corrupted altar of Lugonu.
  4639 | Abyss:1  | Noticed a small abomination
  4666 | Abyss:1  | Noticed a sixfirhy
  4675 | Abyss:1  | Slain by a sixfirhy

Illustrated notes

Levels and vault maps discovered:
D:1:      shiori_shiawase, layout_loops_cross
D:2:      layout_basic, st_stairs_8
D:3:      layout_loops_ring, uniq_natasha, uniq_robin
D:4:      layout_cave_pools, minmay_temple_entry_fiery, serial_park,
          serial_park_tiny_2, serial_park_square3 [serial_park_minivault_5x5_6],
          serial_park_square2, serial_park_gazebo [serial_park_minivault_5x5_5],
          serial_shops, shop, corexii_item_surrounded_by_moat,
          minmay_misc_feat_rugged, uniq_sigmund, uniq_crazy_yiuf_cottage
D:5:      layout_basic, nicolae_ru_sacrificial_ziggurat, uniq_duvessa
Temple:   minmay_temple_bridge_d
Abyss:1:  base:
D:5

Skill      XL: |  1  2  3  4  5  6  7 |
---------------+----------------------+-----
Fighting       | 1 2 4 6 7 8 |  8.9
Dodging        | |  2.6
Stealth        | |  2.1
Spellcasting   | |  2.6
Ice Magic      | |  4.9

Action                     |  1- 3 |  4- 6 |  7- 9 || total
---------------------------+-------+-------+-------++-------
  Melee: Hand axe          |    67 |    23 |       ||    90
         Punch             |     1 |     2 |     2 ||     5
         Dagger            |       |    86 |    71 ||   157
   Cast: Freeze            |    43 |    14 |     1 ||    58
         Frozen Ramparts   |       |     7 |     8 ||    15
         Ozocubu's Armour  |       |       |     5 ||     5
    Use: Potion            |       |     3 |       ||     3
         Scroll            |       |     2 |     1 ||     3
   Stab: Sleeping          |     2 |     1 |     5 ||     8
 Armour: Robe              |    28 |    84 |    50 ||   162
  Dodge: Dodged            |    81 |    78 |    62 ||   221
